 Dungeon Crawl Stone Soup version 0.31-a0-18-gea43df2a32 (webtiles) character file.

Game seed: 18338044964212105476

271 scionoferis the Slasher (level 6, -2/69 HPs)
             Began as a Djinni Warper on May 12, 2023.
             Slain by an orc
             ... wielding a +0 trident
              (4 damage)
             ... on level 3 of the Dungeon.
             The game lasted 00:10:06 (3975 turns).

scionoferis the Slasher (Djinni Warper)             Turns: 3975, Time: 00:10:06

Health: -2/69      AC:  5    Str: 10    XL:     6   Next: 47%
Gold:   150        EV: 11    Int: 16    God:
                   SH:  0    Dex: 13

rFire   + + .        a - +0 falchion
rCold   x . .        (no shield)
rNeg    . . .        b - +0 leather armour
rPois   ∞            l - +0 helmet
rElec   .            (no cloak)
rCorr   .            g - +0 pair of gloves
SInv    .            (boots unavailable)
Will    .....        v - amulet of regeneration Stlth
                     (no ring)
HPRegen 1.11/turn    (no ring)
MPRegen 0.00/turn

%: infuse magic (-3 HP)
@: berserking, flying, very quick
A: sickness immunity, fire resistance 2, cold vulnerability 1, float, innate
caster, HP casting, extra vitality 1
a: no special abilities


You were on level 3 of the Dungeon.
You visited 1 branch of the dungeon, and saw 4 of its levels.

You collected 150 gold pieces.


Innate Abilities, Weirdness & Mutations

You are immune to sickness and miasma.
You are immune to poison.
Your flesh is very heat resistant. (rF++)
You are vulnerable to cold. (rC-)
You float through the air rather than walking.
You learn spells naturally, not from books.
Your magical power is your life essence.
You have superior vitality. (+4 MHP)


   Skills:
 + Level 3.1 Fighting
 * Level 3.5 Long Blades
 - Level 0.7 Throwing
 - Level 1.0 Armour
 - Level 2.1 Dodging
 + Level 2.0 Stealth
 * Level 3.5 Spellcasting


You knew the following spells:

 Your Spells              Type           Power      Damage    Failure   Level
a - Apportation           Tloc           28%        N/A       6%          1
b - Blink                 Tloc           28%        N/A       9%          2
c - Vhi's Electric Charg  Tloc/Air       28%        N/A       17%         3
d - Teleport Other        Tloc           14%        N/A       17%         3
e - Manifold Assault      Tloc           14%        N/A       50%         4
f - Lesser Beckoning      Tloc           28%        N/A       9%          2
g - Passwall              Tmut/Erth      11%        N/A       9%          2
Your spell library was empty.

Inventory:

Hand Weapons
 a - a +0 falchion (weapon)
 u - a +0 long sword
   (You found it on level 3 of the Dungeon)
Missiles
 d - 7 boomerangs of dispersal (quivered)
Armour
 b - a +0 leather armour (worn)
 g - a +0 pair of gloves (worn)
   (You found it on level 4 of the Dungeon)
 l - a +0 helmet (worn)
   (You found it on level 1 of the Dungeon)
Jewellery
 v - an amulet of regeneration (around neck)
   (You found it on level 3 of the Dungeon)
Scrolls
 c - a scroll of blinking
 e - a scroll of acquirement {unknown}
 f - 7 scrolls of identify {unknown}
 m - a scroll of vulnerability {unknown}
 n - 2 scrolls of teleportation {unknown}
 p - a scroll of enchant weapon {unknown}
 q - a scroll of silence {unknown}
 r - 3 scrolls of amnesia {unknown}
 s - a scroll of torment {unknown}
 w - a scroll of fear {unknown}
Potions
 j - a potion of brilliance {unknown}
 k - a potion of mutation {unknown}
 o - 2 potions of attraction {unknown}
 t - a potion of ambrosia {unknown}

Dungeon Overview and Level Annotations

Branches:
Dungeon (4/15)
 Temple: D:4-7

Altars:

##.#.# #...##.# #.#.#...
#.#.# #......######.#.#..#
#...# ####.##.....#.#.#.#.
###.# ##..##.###.#.#.#.#.
#.####..###.# #.#.#.#.#.
#....).## #.# #.#.#.#.##
#.##>.## #.# #.#.#.#.#.
#.##.######.# #.#.#.#.#.
#.##.o)@.##.# #.#.......
#.######.##.# #.###.#.##
#.#<...#.##.# #.......#.
#####.####.#.##.#######.###.
#.....# #.#.##.........# #.
#>########.#.###############
#..........#.# #.....
#################.# #.####
#.................# #.#


You could see an orc.


Message History

The jackal is severely wounded.
The jackal closely misses you.
The jackal bites you but does no damage.
You barely miss the jackal.
The jackal is severely wounded.
The jackal bites you. x2
You miss the jackal.
The jackal is severely wounded.
The jackal barely misses you.
You barely miss the jackal.
The jackal is severely wounded.
The jackal bites you. x2
You slash the jackal!
You kill the jackal!
The jackal misses you.
You hit the jackal.
The jackal is almost dead.
The jackal bites you but does no damage.
You barely miss the jackal.
The jackal is almost dead.
The jackal barely misses you.
The jackal bites you but does no damage.
You barely miss the jackal.
The jackal is almost dead.
The jackal misses you. The jackal bites you.
You hit the jackal but do no damage. You punch the jackal.
You kill the jackal!
The adder bites you.
You completely miss the adder. The adder barely misses you.
You hit the adder but do no damage. The adder barely misses you.
You barely miss the adder. The adder bites you. The adder closely misses you.
You hit the adder.
The adder is moderately wounded.
The adder barely misses you.
You hit the adder.
The adder is heavily wounded.
The adder bites you but does no damage. The adder bites you.
You miss the adder.
The adder is heavily wounded.
The adder bites you. The adder barely misses you.
You hit the adder.
You kill the adder!
The jackal closely misses you.
Your Spellcasting skill increases to level 3!
You hit the jackal but do no damage. The jackal closely misses you.
You hit the jackal.
You kill the jackal!
You swing at nothing.
Things that are here:
an adder corpse; a jackal corpse
Found an escape hatch in the ceiling.
An endoplasm comes into view.
An endoplasm is nearby!
An adder comes into view.
Found a scroll labelled CUPLACV ITTUESE.
You see here a scroll labelled NUMIYL NIGGADI.
Found a dagger.
You see here a scroll labelled NUMIYL NIGGADI.
You swing at nothing.
You barely miss the adder. The adder bites you but does no damage.
The adder closely misses you.
You hit the adder.
The adder is moderately wounded.
The adder barely misses you.
You hit the adder.
The adder is almost dead.
The adder bites you but does no damage. The adder misses you.
You hit the adder.
You kill the adder!
You hit the endoplasm but do no damage.
The endoplasm hits you but does no damage.
You slash the endoplasm!
You kill the endoplasm!
You swing at nothing.
You swing at nothing.
You see here an adder corpse.
q - a scroll labelled NUMIYL NIGGADI
r - a scroll labelled CUPLACV ITTUESE You reach down and open the door.
A ball python comes into view.
A rat comes into view.
There is an open door here.
The helpless ball python fails to defend itself.
You slash the ball python!
You kill the ball python!
You see here a ball python corpse.
You barely miss the rat. The rat barely misses you.
You hit the rat but do no damage. The rat closely misses you.
You hit the rat.
The rat is heavily wounded.
The rat barely misses you.
You hit the rat but do no damage.
The rat is heavily wounded.
The rat completely misses you.
You closely miss the rat.
The rat is heavily wounded.
The rat bites you but does no damage. x2
You hit the rat.
You kill the rat!
No target in view!
Found a stone staircase leading down.
s - a scroll labelled MOAZASIUMU You reach down and open the door.
There is an open door here.
A bat comes into view.
The bat misses you.
You hit the bat.
The bat is moderately wounded.
The bat hits you but does no damage. The bat hits you but does no damage.
You hit the bat.
The bat is severely wounded.
The bat hits you but does no damage. x2
The bat hits you. The bat hits you but does no damage.
You hit the bat.
You kill the bat!
A hobgoblin comes into view.
A hobgoblin is nearby!
The hobgoblin shouts!
The hobgoblin hits you but does no damage.
You hit the hobgoblin.
The hobgoblin is heavily wounded.
The hobgoblin barely misses you.
You closely miss the hobgoblin.
The hobgoblin is heavily wounded.
The hobgoblin barely misses you.
You hit the hobgoblin but do no damage.
The hobgoblin is heavily wounded.
The hobgoblin hits you. The hobgoblin closely misses you.
You closely miss the hobgoblin.
The hobgoblin is heavily wounded.
The hobgoblin hits you.
You closely miss the hobgoblin.
The hobgoblin is heavily wounded.
The hobgoblin hits you.
You hit the hobgoblin.
You kill the hobgoblin!
No target in view!
You reach down and open the door.
There is an open door here.
You see here a ball python corpse.
There is an open door here.
There is an escape hatch in the ceiling here.
A kobold comes into view. It is wielding a +0 club.
The kobold shouts!
You barely miss the kobold. The kobold barely misses you.
You closely miss the kobold. The kobold hits you with a +0 club. x2
You hit the kobold.
You kill the kobold!
No target in view!
No target in view!
Things that are here:
a +0 club; a stone; a kobold corpse You reach down and open the door.
You see here 3 stones.
Done exploring.
Done exploring.
There is a stone staircase leading down here.
You fly downwards.
There is a stone staircase leading up here.
Found an escape hatch in the floor.
There is an escape hatch in the floor here.
Found a stone staircase leading down.
A hobgoblin comes into view.
You barely miss the hobgoblin. The hobgoblin barely misses you.
You closely miss the hobgoblin.
The hobgoblin hits you but does no damage.
You hit the hobgoblin.
The hobgoblin is almost dead.
The hobgoblin hits you.
You hit the hobgoblin.
You kill the hobgoblin!
No target in view!
A quokka comes into view.
Search for what [Enter for "d:", or ? for help]? d: Unknown command.
The quokka closely misses you.
You closely miss the quokka. The quokka barely misses you.
The quokka bites you.
You hit the quokka but do no damage. The quokka misses you.
You closely miss the quokka. The quokka closely misses you.
You barely miss the quokka. The quokka bites you.
The quokka completely misses you.
You miss the quokka. The quokka closely misses you.
You hit the quokka but do no damage. The quokka barely misses you.
You closely miss the quokka.
The quokka bites you but does no damage. x2
You barely miss the quokka.
The quokka bites you but does no damage.
You hit the quokka but do no damage. The quokka barely misses you.
You hit the quokka but do no damage. The quokka bites you.
The quokka bites you but does no damage.
You miss the quokka. The quokka barely misses you.
You hit the quokka.
The quokka is almost dead.
The quokka barely misses you.
The quokka bites you but does no damage.
You barely miss the quokka.
The quokka is almost dead.
The quokka closely misses you.
You barely miss the quokka.
The quokka is almost dead.
The quokka bites you but does no damage.
You closely miss the quokka.
The quokka is almost dead.
The quokka closely misses you. The quokka bites you.
You closely miss the quokka.
The quokka is almost dead.
The quokka misses you.
You closely miss the quokka.
The quokka is almost dead.
The quokka bites you but does no damage.
The quokka closely misses you.
You barely miss the quokka.
The quokka is almost dead.
The quokka bites you.
You miss the quokka.
The quokka is severely wounded.
The quokka bites you but does no damage.
The quokka misses you.
You barely miss the quokka.
The quokka is severely wounded.
The quokka closely misses you.
You closely miss the quokka.
The quokka is severely wounded.
The quokka misses you. The quokka barely misses you.
You hit the quokka.
The quokka is almost dead.
The quokka bites you but does no damage.
You completely miss the quokka.
The quokka is almost dead.
The quokka closely misses you.
You hit the quokka but do no damage.
The quokka is almost dead.
The quokka bites you.
The quokka bites you but does no damage.
You miss the quokka.
The quokka is almost dead.
The quokka closely misses you.
You hit the quokka.
You kill the quokka!
You have reached level 5!
The power to cast Passwall wells up from within.
Spell assigned to 'g'.
You start resting.
HP restored.
You reach down and open the door.
An orc and an orc priest come into view.
Found 13 gold pieces.
You reach down and close the door.
Search for what [Enter for "d:", or ? for help]? d: Placed new exclusion.
Press: ? - help, . - travel You can't see that place. [the floor.] Placed new exclusion.
You reach down and open the door.
There is an open door here.
A goblin comes into view. It is wielding a +0 dagger.
You miss the goblin. The goblin barely misses you.
You hit the goblin.
You kill the goblin!
No target in view!
No target in view!
You reach down and open the door.
There is an open door here.
You reach down and open the door.
There is an open door here.
Found a stone staircase leading down.
You reach down and open the door.
There is an open door here.
There is a stone staircase leading down here.
An orc and a hobgoblin come into view.
The orc shouts!
The hobgoblin shouts!
The orc moves out of view.
You barely miss the hobgoblin. The hobgoblin closely misses you.
You hit the hobgoblin.
You kill the hobgoblin!
The orc closely misses you.
You completely miss the orc. The orc barely misses you.
You slash the orc!
You kill the orc!
No target in view!
Things that are here:
a +0 flail; a hobgoblin corpse You reach down and open the door.
There is an open door here.
There is an open door here.
There is an open door here.
There is a stone staircase leading down here.
A hobgoblin comes into view.
The helpless hobgoblin fails to defend itself.
You slash the hobgoblin!
You kill the hobgoblin!
No target in view!
A kobold comes into view. It is wielding a +0 dagger.
The kobold shouts!
The kobold throws a stone.
The stone hits you.
A jackal comes into view.
The kobold hits you but does no damage.
You closely miss the kobold. The kobold hits you but does no damage.
You closely miss the kobold. The kobold hits you with a +0 dagger.
You barely miss the kobold. The kobold barely misses you.
You closely miss the kobold. The kobold hits you but does no damage.
The kobold barely misses you.
You hit the kobold but do no damage. The kobold hits you with a +0 dagger.
You hit the kobold but do no damage. The kobold hits you but does no damage.
You closely miss the kobold. The kobold closely misses you.
You barely miss the kobold. The kobold barely misses you.
You hit the kobold.
The kobold is moderately wounded.
The kobold hits you but does no damage.
You barely miss the kobold.
The kobold is moderately wounded.
The kobold misses you. The kobold hits you but does no damage.
You hit the kobold but do no damage.
The kobold is moderately wounded.
The kobold hits you with a +0 dagger.
You closely miss the kobold.
The kobold is moderately wounded.
The kobold hits you but does no damage.
You slash the kobold!
You kill the kobold!
No target in view!
No target in view!
Things that are here:
a +0 dagger; 4 stones The jackal barks!
You hear a shout!
You hit the jackal.
The jackal is lightly wounded.
The jackal bites you but does no damage.
A jackal comes into view.
The jackal bites you but does no damage.
The jackal barks!
You hit the jackal.
You kill the jackal!
The jackal barely misses you. The jackal closely misses you.
You closely miss the jackal.
A kobold comes into view. It is wielding a +0 short sword.
The jackal closely misses you.
The kobold moves out of view.
You hit the jackal.
The jackal is severely wounded.
The jackal bites you but does no damage.
The jackal barely misses you.
You hit the jackal.
You kill the jackal!
No target in view!
You see here a jackal corpse.
A kobold and a hobgoblin come into view.
The kobold shouts!
You hit the kobold.
The kobold is severely wounded.
The kobold barely misses you.
You closely miss the kobold.
The kobold is severely wounded.
The kobold hits you with a +0 short sword.
You hit the kobold.
You kill the kobold!
The hobgoblin closely misses you.
You hit the hobgoblin.
You kill the hobgoblin!
No target in view!
Things that are here:
a +0 short sword; a kobold corpse
Found an escape hatch in the ceiling.
There is an escape hatch in the ceiling here.
A ball python comes into view.
The ball python hisses angrily.
The ball python misses you. The ball python closely misses you. x2
The ball python grabs you. The ball python constricts you.
You closely miss the ball python.
The ball python bites you but does no damage.
The ball python constricts you.
You hit the ball python.
You kill the ball python!
No target in view!
Found a rapier.
No target in view!
You see here a +0 rapier.
f - 5 scrolls labelled OSOMIEZX JOATU (gained 1)
Found a stone staircase leading up.
An orc comes into view. It is wielding a +0 dagger.
The orc shouts!
The orc moves out of view.
Found a radiant altar of Vehumet.
You hit the orc.
The orc is heavily wounded.
The orc misses you.
You hit the orc.
You kill the orc!
No target in view!
You see here a +0 dagger.
There is a radiant altar of Vehumet here.
You see here a +0 dagger.
You see here a +0 rapier.
There is an escape hatch in the ceiling here.
Things that are here:
a +0 short sword; a kobold corpse You see here a jackal corpse.
An endoplasm comes into view.
The helpless endoplasm fails to defend itself.
You hit the endoplasm.
The endoplasm is severely wounded.
The endoplasm hits you but does no damage.
You hit the endoplasm.
You kill the endoplasm!
Things that are here:
a +0 dagger; 4 stones
There is a shaft here.
Found a stone staircase leading down.
There is a stone staircase leading down here.
A bat comes into view.
The bat barely misses you.
You hit the bat.
The bat is severely wounded.
The bat barely misses you. The bat hits you. The bat misses you.
You hit the bat.
You kill the bat!
No target in view!
You see here a bat corpse.
t - a viscous amethyst potion
Found a long sword and a mace.
A hobgoblin comes into view.
Found a stone staircase leading up.
The hobgoblin shouts!
You slash the hobgoblin!
You kill the hobgoblin!
You see here a hobgoblin corpse.
You see here a +0 long sword.
u - a +0 long sword You see here a hobgoblin corpse.
A kobold comes into view. It is wielding a +0 dagger.
Found a thin steel amulet.
You hit the kobold.
You kill the kobold!
Your Long Blades skill increases to level 3!
Things that are here:
a +0 dagger; a kobold corpse
v - an amulet of regeneration
There are no items here.
You start putting on your amulet.
You continue putting on your amulet of regeneration. x5
You finish putting on your amulet of regeneration.
The amulet throbs as it attunes itself to your uninjured body.
v - an amulet of regeneration (around neck)
You now have 74 gold pieces (gained 3).
You reach down and open the door.
A kobold comes into view. It is wielding a +0 club.
The kobold shouts!
You hit the kobold.
The kobold is moderately wounded.
The kobold hits you with a +0 club.
You hit the kobold.
The kobold is severely wounded.
The kobold hits you with a +0 club. x2
You hit the kobold.
You kill the kobold!
No target in view!
There is an open door here.
Things that are here:
a +0 club; a kobold corpse You now have 86 gold pieces (gained 12).
You reach down and open the door.
There is an open door here.
There is a stone staircase leading up here.
You see here a bat corpse.
Found a robe.
w - a scroll labelled KICEGE WIOSHRAI You see here a +0 robe.
A kobold comes into view. It is wielding a +0 dagger.
A dart slug comes into view.
Found 13 gold pieces.
The dart slug launches a dart at you. The slug dart hits you.
Found a helmet.
The kobold barely misses you. The dart slug misses you.
You hit the dart slug.
The dart slug is heavily wounded.
The kobold closely misses you.
You slash the dart slug!
You kill the dart slug!
The kobold hits you but does no damage.
You miss the kobold. The kobold barely misses you.
You barely miss the kobold. The kobold barely misses you.
You slash the kobold!
You kill the kobold!
No target in view!
No target in view!
Things that are here:
a +0 dagger; 3 stones; a kobold corpse You see here a dart slug corpse.
You now have 99 gold pieces (gained 13).
Things that are here:
a +0 helmet; 6 stones A bat comes into view.
The helpless bat fails to defend itself.
You slash the bat!
You kill the bat!
No target in view!
An endoplasm comes into view.
The endoplasm quivers.
You hit the endoplasm.
The endoplasm is severely wounded.
The endoplasm freezes you.
You are frozen!
You feel a terrible chill! The endoplasm misses you.
You hit the endoplasm.
You kill the endoplasm!
No target in view!
f - 6 scrolls labelled OSOMIEZX JOATU (gained 1)
r - 2 scrolls labelled CUPLACV ITTUESE (gained 1)
You see here a +0 robe.
You see here a bat skeleton.
There is a stone staircase leading up here.
Partly explored, can't reach some items and places.
Press: ? - help, . - travel You can't see that place. [the floor.] Removed exclusion.
You reach down and open the door.
An orc comes into view. It is wielding a +0 club.
The orc priest shouts!
The orc shouts!
You hear a shout!
The orc moves out of view.
An orc wizard comes into view. It is wielding a +0 dagger.
The orc wizard shouts!
Found a club.
The orc wizard moves out of view.
Unknown command.
An orc comes into view. It is wielding a +0 whip.
The orc shouts!
The orc wizard gestures at you while chanting.
You are confused.
You bump into the rock wall.
It was a potion of lignification.
You turn into a tree.
Your +0 helmet melds into your body.
Your +0 leather armour melds into your body.
Your roots penetrate the ground.
The orc priest mumbles some strange prayers to Beogh against you.
Beogh smites you!
Okay, then.
It was a potion of curing.
You feel better. The orc hits you but does no damage.
You are now empty-handed.
You barely miss the orc. The orc hits you but does no damage.
You barely miss the orc. The orc hits you but does no damage.
The orc priest casts a cantrip, but nothing happens.
You hit the orc priest but do no damage.
The orc hits you but does no damage.
You hit the orc priest.
The orc priest is lightly wounded.
The orc hits you but does no damage. The orc priest hits you with a +0 club.
The orc wizard barely misses you.
You hit the orc priest.
The orc priest is moderately wounded.
The orc hits you but does no damage.
The orc priest hits you but does no damage.
The orc wizard hits you but does no damage.
You hit the orc priest but do no damage.
The orc priest is moderately wounded.
The orc hits you but does no damage.
The orc priest hits you but does no damage.
The orc wizard hits you but does no damage.
You hit the orc priest but do no damage.
The orc priest is moderately wounded.
The orc hits you with a +0 dagger.
The orc priest hits you but does no damage.
The orc wizard casts a spell at you.
The magic dart hits you but does no damage.
You hit the orc priest but do no damage.
The orc priest is moderately wounded.
The orc hits you but does no damage.
The orc priest hits you but does no damage.
The orc hits you with a +0 whip.
The orc wizard points at you and mumbles some strange words.
You resist with some effort.
You hit the orc priest.
The orc priest is heavily wounded.
The orc hits you but does no damage. The orc priest hits you with a +0 club.
The orc hits you but does no damage.
The orc wizard hits you but does no damage.
You hit the orc priest but do no damage.
The orc priest is heavily wounded.
The orc hits you but does no damage.
The orc priest hits you but does no damage.
The orc barely misses you.
The orc wizard gestures at you while chanting.
You resist with some effort.
You barely miss the orc priest.
The orc priest is heavily wounded.
The orc hits you but does no damage.
The orc priest hits you but does no damage.
The orc hits you with a +0 whip.
The orc wizard gestures at you while chanting.
The magic dart hits you but does no damage.
You hit the orc priest.
The orc priest is almost dead.
The orc hits you but does no damage.
The orc priest hits you but does no damage.
The orc hits you but does no damage.
The orc wizard points at you and mumbles some strange words.
The magic dart hits you but does no damage.
You hit the orc priest.
You kill the orc priest!
The orc hits you but does no damage. x2
You hit the orc wizard.
The orc wizard is moderately wounded.
The orc hits you but does no damage.
The orc wizard points at you and mumbles some strange words.
The puff of flame hits you! The orc hits you but does no damage.
You hit the orc wizard.
The orc wizard is heavily wounded.
The orc hits you but does no damage. The orc hits you with a +0 club.
The orc wizard hits you but does no damage.
The orc hits you but does no damage.
You hit the orc wizard.
The orc wizard is heavily wounded.
The orc completely misses you. The orc hits you but does no damage.
The orc wizard hits you but does no damage.
The orc barely misses you.
You barely miss the orc wizard.
The orc wizard is heavily wounded.
The orc hits you but does no damage. x2
The orc wizard hits you but does no damage.
The orc hits you but does no damage.
You smack the orc wizard!
You kill the orc wizard!
The orc hits you but does no damage. The orc hits you with a +0 club.
The orc hits you but does no damage.
You hit the orc but do no damage. The orc hits you but does no damage. x2
The orc barely misses you.
You hit the orc but do no damage. The orc hits you but does no damage.
The orc completely misses you. The orc hits you but does no damage.
You hit the orc.
The orc is moderately wounded.
The orc hits you but does no damage. x3
You hit the orc.
You kill the orc!
The orc barely misses you. The orc hits you but does no damage.
Your Fighting skill increases to level 3!
You smack the orc!
You kill the orc!
The orc hits you but does no damage.
You hit the orc.
The orc is heavily wounded.
The orc hits you but does no damage.
You hit the orc but do no damage.
The orc is heavily wounded.
The orc hits you but does no damage.
You hit the orc.
You kill the orc!
You start resting.
HP restored.
You start resting.
Your transformation is almost over.
You start resting.
HP restored.
You feel less wooden.
Your +0 helmet unmelds from your body.
Your +0 leather armour unmelds from your body.
Things that are here:
a +0 dagger; a +0 scale mail
Things that are here:
a +0 club; a +0 leather armour
Items here: )) [[.
There is an open door here.
Things that are here:
a +0 whip; a +0 ring mail; an orc corpse
a - a +0 falchion (weapon)
Items here: )) [[.
Things that are here:
a +0 club; a +0 leather armour
There is an open door here.
You now have 105 gold pieces (gained 6).
You now have 112 gold pieces (gained 7).
Done exploring.
Done exploring.
You reach down and open the door.
There is an open door here.
There is a stone staircase leading down here.
You fly downwards.
Found 17 gold pieces and a book of Dreams.
There is a stone staircase leading up here.
Found a hand axe.
You now have 129 gold pieces (gained 17).
You see here a book of Dreams.
You reach down and open the door.
There is an open door here.
As you open the door, it creaks loudly!
A dart slug comes into view.
Found a metallic ruby potion.
There is an open door here.
A goblin comes into view. It is wielding a +0 club.
Found a scroll labelled CUPLACV ITTUESE.
The goblin shouts!
The dart slug launches a dart at you. The slug dart misses you.
The goblin unwields a +0 club.
The goblin wields a +0 sling.
The goblin shoots a sling bullet.
The sling bullet closely misses you.
The sling bullet hits the dart slug.
You slash the dart slug!
The dart slug is almost dead.
The dart slug closely misses you.
You slash the dart slug!
You kill the dart slug!
The goblin shoots a sling bullet.
The sling bullet barely misses you.
The goblin shoots a sling bullet.
The sling bullet closely misses you.
The goblin unwields a +0 sling.
The goblin wields a +0 club.
The goblin hits you but does no damage.
You barely miss the goblin. The goblin hits you but does no damage.
You barely miss the goblin. The goblin hits you but does no damage.
You slash the goblin!
You kill the goblin!
Things that are here:
a +0 club; a +0 sling; a goblin corpse
Found a plate armour.
o - 2 metallic ruby potions (gained 1)
A goblin comes into view. It is wielding a +0 club.
The goblin shouts!
The goblin barely misses you.
You closely miss the goblin. The goblin hits you with a +0 club.
The goblin closely misses you.
You hit the goblin.
The goblin is moderately wounded.
The goblin barely misses you.
You slash the goblin!
You kill the goblin!
You have reached level 6!
HP restored.
r - 3 scrolls labelled CUPLACV ITTUESE (gained 1) As you open the door, it creaks loudly!
An orc priest comes into view. It is wielding a +0 whip.
You hear a shout! x2; The orc priest shouts!
An orc priest is nearby!
You reach down and close the door.
You start waiting.
Something unseen opens the door.
You closely miss the orc priest.
An orc comes into view. It is wielding a +0 dagger.
The orc priest closely misses you.
You hit the orc priest but do no damage.
You barely miss the orc. The orc hits you but does no damage.
The orc priest barely misses you.
You barely miss the orc priest. The orc hits you with a +0 dagger.
The orc priest hits you with a +0 whip.
You slash the orc priest!
The orc priest is heavily wounded.
The orc completely misses you.
The orc priest hits you with a +0 whip. x2
The orc hits you with a +0 dagger.
An orc wizard comes into view. It is wielding a +0 dagger.
You barely miss the orc priest.
The orc priest is heavily wounded.
The orc hits you but does no damage. The orc priest misses you.
You closely miss the orc priest.
The orc priest is heavily wounded.
The orc wizard shouts!
The orc hits you with a +0 dagger.
The orc wizard mumbles some strange words.
The orc wizard flickers and vanishes!
Deactivating autopickup; reactivate with Ctrl-A.
The orc priest hits you with a +0 whip.
You barely miss the orc priest.
The orc priest is heavily wounded.
The orc hits you but does no damage.
The orc priest mumbles some strange prayers to Beogh against you.
You struggle to resist.
You hit the orc priest.
The orc priest is heavily wounded.
The orc hits you with a +0 dagger. The orc priest closely misses you.
You hit the orc priest.
The orc priest is almost dead.
The orc hits you but does no damage. The orc priest completely misses you.
You barely miss the orc priest.
The orc priest is almost dead.
The orc priest hits you with a +0 whip.
You hit the orc priest.
You kill the orc priest!
You hit something but do no damage.
You hear some strange, mumbled words.
Something tries to affect you, but you resist.
Something hits you.
You closely miss something. You hit the orc.
The orc is heavily wounded.
Something hits you but does no damage. The orc hits you with a +0 dagger.
You closely miss the orc.
The orc is heavily wounded.
Something hits you. The orc hits you with a +0 dagger.
You barely miss something. The orc closely misses you.
You hear some strange, mumbled words.
Something tries to affect you, but you resist.
You closely miss something.
You hear some strange, mumbled words.
Something tries to affect you, but you resist.
The orc hits you but does no damage.
You hit something but do no damage. Something hits you but does no damage.
The orc misses you.
You miss something.
You hear some strange, mumbled words.
Something tries to affect you, but you resist.
The orc hits you with a +0 dagger.
You hit something. The orc hits you with a +0 dagger.
Something completely misses you.
You hit something. The orc completely misses you.
You hear some strange, mumbled words.
Something tries to affect you, but you resist.
Something hits you but does no damage. The orc hits you with a +0 dagger.
You miss something. Something hits you. The orc hits you but does no damage.
You closely miss something. The orc hits you but does no damage.
Something hits you but does no damage.
You hit something. Something hits you. The orc barely misses you.
You barely miss something.
You hear some strange, mumbled words.
A puff of flame appears from out of thin air!
The puff of flame misses you. The orc hits you with a +0 dagger.
You barely miss something. The orc hits you but does no damage.
You hear some strange, mumbled words.
You are confused.
You miss something. Something hits you. The orc hits you with a +0 dagger.
Okay, then.
Unknown command.
Something hits you but does no damage. Something hits you but does no damage.
You're too confused to move!
You hear some strange, mumbled words.
A puff of flame appears from out of thin air!
The puff of flame hits you. You resist. The orc hits you but does no damage.
You closely miss the orc.
The orc is heavily wounded.
The orc hits you with a +0 dagger. Something hits you.
You slash the orc!
You kill the orc!
Something hits you. x2
You feel less confused.
You hear some strange, mumbled words.
A puff of flame appears from out of thin air!
The puff of flame hits you. You resist.
You closely miss something. Something hits you.
You closely miss something. Something hits you but does no damage.
You barely miss something. Something hits you.
You hit something.
Reactivating autopickup.
You feel a bit more experienced.
Things that are here:
a +0 dagger; a +0 robe; an orc corpse You reach down and close the door.
You start resting.
HP restored.
You reach down and open the door.
There is an open door here.
Found a robe.
Found a stone staircase leading down.
You reach down and open the door.
There is an open door here.
You now have 142 gold pieces (gained 13).
You reach down and open the door.
There is an open door here.
Found a pair of gloves.
You see here a +0 pair of gloves.
g - a +0 pair of gloves You start putting on your armour.
You continue putting on your +0 pair of gloves. x4
You finish putting on your +0 pair of gloves.
You now have 150 gold pieces (gained 8).
You reach down and open the door.
There is an open door here.
f - 7 scrolls labelled OSOMIEZX JOATU (gained 1)
You reach down and open the door.
An iguana comes into view.
There is an open door here.
The helpless iguana fails to defend itself.
You hit the iguana.
The iguana is lightly wounded.
The iguana bites you!
You hit the iguana but do no damage.
The iguana is lightly wounded.
The iguana barely misses you.
You completely miss the iguana.
The iguana is lightly wounded.
The iguana bites you but does no damage.
You hit the iguana.
The iguana is heavily wounded.
The iguana bites you but does no damage.
You hit the iguana.
The iguana is severely wounded.
The iguana bites you. x2
You hit the iguana but do no damage.
The iguana is severely wounded.
The iguana closely misses you.
You slash the iguana!
You kill the iguana!
Your Stealth skill increases to level 2!
You reach down and open the door.
An orc comes into view. It is wielding a +0 trident.
An orc wizard comes into view. It is wielding a +0 dagger.
Found a stone staircase leading up.
The orc wizard shouts!
You hear a shout!
The orc wizard gestures at you while chanting.
The puff of flame hits you but does no damage.
You resist.
There is an open door here.
Found 6 stones.
The orc wizard gestures at you while chanting.
You are confused.
You bump into the rock wall.
The orc wizard casts a spell at you. The puff of flame hits you. You resist.
An orc comes into view. It is wielding a +0 hand axe.
There is a stone staircase leading up here.
You fly upwards.
There is a stone staircase leading down here.
You start waiting.
You feel less confused.
You fly downwards.
The orc misses you.
There is a stone staircase leading up here.
The orc barely misses you.
You fly upwards.
There is a stone staircase leading down here.
You hit the orc.
The orc is lightly wounded.
The orc hits you with a +0 hand axe.
You closely miss the orc.
The orc is lightly wounded.
The orc closely misses you. The orc hits you with a +0 hand axe.
You barely miss the orc. The orc barely misses you.
You closely miss the orc. The orc barely misses you.
You closely miss the orc. The orc completely misses you.
You closely miss the orc. The orc hits you with a +0 hand axe.
You hit the orc.
The orc is severely wounded.
The orc barely misses you.
You hit the orc.
You kill the orc!
No target in view!
No target in view!
You start resting.
HP restored.
Things that are here:
a +0 hand axe; an orc corpse
There is a stone staircase leading down here.
You fly downwards.
The orc misses you. The orc wizard casts a spell at you.
You resist with some effort. The orc hits you but does no damage.
The orc wizard gestures wildly while chanting.
The orc wizard flickers and vanishes!
Deactivating autopickup; reactivate with Ctrl-A.
There is a stone staircase leading up here.
The orc hits you but does no damage.
There is a stone staircase leading up here.
The orc misses you. Something hits you.
You fly upwards.
Reactivating autopickup.
There is a stone staircase leading down here.
The orc misses you.
You hear some strange, mumbled words.
Deactivating autopickup; reactivate with Ctrl-A.
Something tries to affect you, but you resist.
Something hits you. The orc hits you but does no damage.
You closely miss something. Something hits you.
The orc hits you from afar with a +0 trident.
You miss something. Something hits you. The orc closely misses you.
You hit something but do no damage.
You hear some strange, mumbled words.
A magic dart appears from out of thin air!
The magic dart hits you! The orc hits you but does no damage.
You hit something but do no damage.
You hear some strange, mumbled words.
A magic dart appears from out of thin air!
The magic dart hits you! The orc barely misses you.
You closely miss something.
You hear some strange, mumbled words.
A magic dart appears from out of thin air!
The magic dart hits you.
The orc cheers loudly, as Orcs often do.
The orc closely misses you.
You miss something.
You hear some strange, mumbled words.
A puff of flame appears from out of thin air!
The puff of flame hits you. You resist.
The orc hits you from afar with a +0 trident.
* * * LOW HITPOINT WARNING * * *
Something hits you.
* * * LOW HITPOINT WARNING * * *
The orc misses you.
It was a potion of berserk rage.
A red film seems to cover your vision as you go berserk!
You feel yourself moving faster!
You feel mighty!
You hear some strange, mumbled words.
A magic dart appears from out of thin air!
The magic dart hits you!
* * * LOW HITPOINT WARNING * * *
The orc barely misses you.
You closely miss something. You hit something. Something hits you.
* * * LOW HITPOINT WARNING * * *
The orc hits you from afar with a +0 trident.
* * * LOW HITPOINT WARNING * * *
You closely miss something. Something hits you.
* * * LOW HITPOINT WARNING * * *
The orc hits you from afar with a +0 trident.
* * * LOW HITPOINT WARNING * * *
You slash something!
Reactivating autopickup.
You feel a bit more experienced.
The orc hits you from afar with a +0 trident.
You die...

Skill      XL: |  1  2  3  4  5  6 |
---------------+-------------------+-----
Long Blades    | 2 3 |  3.5
Stealth        | 1 2 |  2.0
Spellcasting   | 3 |  3.5
Fighting       | 3 |  3.1
Throwing       | |  0.7
Armour         | |  1.0
Dodging        | |  2.1

Action                     |  1- 3 |  4- 6 || total
---------------------------+-------+-------++-------
  Melee: Falchion          |   119 |   216 ||   335
         Punch             |     2 |     1 ||     3
         Unarmed           |       |    26 ||    26
   Cast: Blink             |     2 |       ||     2
    Use: Potion            |       |     3 ||     3
   Stab: Sleeping          |     1 |     5 ||     6
 Armour: Leather armour    |    30 |    72 ||   102
         Skin              |       |    53 ||    53
  Dodge: Dodged            |    66 |   128 ||   194

Levels and vault maps discovered:
D:1:      giann_forest_graveyard, layout_basic,
          nicolae_concentric_dashed_squares_wild
D:2:      layout_basic, grunt_ministairs_14, amcnicky_mini_corridor_feature
D:3:      layout_basic, mainiacjoe_overflow_alcove_1, minmay_close_crescents
D:4:      layout_gridville, okawaru_trees_1, nemelex_dance_club_becter,
          minmay_fractal_squares_diagonal_5

Notes
Turn   | Place    | Note
-------+----------+-------------------------------------------
     0 | D:1      | scionoferis the Djinni Warper began the quest for the Orb.
     0 | D:1      | scionoferis set off with the following spells memorised:
                  | Blink, Lesser Beckoning, Vhi's Electric Charge, Teleport
                  | Other, Manifold Assault.
     0 | D:1      | Reached XP level 1. HP: 18/18 MP: 0/0
    77 | D:1      | Reached skill level 2 in Long Blades
   150 | D:1      | Reached XP level 2. HP: 16/23 MP: 0/0
   863 | D:1      | Reached XP level 3. HP: 18/28 MP: 0/0
   863 | D:1      | Learned a level 1 spell: Apportation
  1857 | D:2      | Reached skill level 1 in Stealth
  1857 | D:2      | Reached XP level 4. HP: 15/34 MP: 0/0
  2190 | D:2      | Reached skill level 3 in Spellcasting
  2729 | D:3      | Reached XP level 5. HP: 32/39 MP: 0/0
  2729 | D:3      | Learned a level 2 spell: Passwall
  3321 | D:3      | Reached skill level 3 in Long Blades
  3649 | D:3      | Reached skill level 3 in Fighting
  3758 | D:4      | Reached XP level 6. HP: 45/46 MP: 0/0
  3894 | D:4      | Reached skill level 2 in Stealth
  3973 | D:3      | HP: 6/69 [orc/+0 trident (5)]
  3974 | D:3      | HP: 1/69 [orc/+0 trident (3)]
  3975 | D:3      | Slain by an orc

Vanquished Creatures
  2 orc priests (D:3 D:4)
  An iguana (D:4)
  3 orc wizards (D:3 D:4)
  2 gnolls (D:2)
  2 adders (D:2)
  A worm (D:2)
  5 dart slugs (D:1 D:2 D:3 D:4)
  7 orcs (D:3 D:4)
  8 endoplasms (D:1 D:2 D:3)
  7 goblins (D:1 D:2 D:3 D:4)
  12 hobgoblins (D:1 D:2 D:3)
  9 jackals (D:2 D:3)
  6 kobolds (D:2 D:3)
  3 quokkas (D:1 D:2 D:3)
  2 ball pythons (D:2 D:3)
  7 bats (D:1 D:2 D:3)
  2 frilled lizards (D:1 D:2)
  A rat (D:2)
80 creatures vanquished.

Table legend: (Time is in decaauts)
 A = Elapsed time spent in this place.
 B = Non-inter-level travel time spent in this place.
 C = Inter-level travel time spent in this place.
 D = Time resting spent in this place.
 E = Time spent auto-exploring this place.
 F = Levels seen in this place.
 G = Mean time per level.
                   A        B        C        D        E       F      G
               +--------+--------+--------+--------+--------+-----+--------+
         Total |   4031 |   3892 |    139 |    235 |   2568 |   4 | 1007.8 |
       Dungeon |   4031 |   3892 |    139 |    235 |   2568 |   4 | 1007.8 |
               +--------+--------+--------+--------+--------+-----+--------+

Top non-repeatable levels by time:
     D:1: 1359 daAuts
     D:2: 1284 daAuts
     D:3: 1156 daAuts
     D:4: 231 daAuts

Table legend:
 A = Non-vault XP
 B = Vault XP
 C = Vault XP percentage of total XP
 D = Non-vault monster count
 E = Vault monster count
 F = Vault count percentage of total count
                 A         B        C        D         E       F
            +---------+---------+-------+---------+---------+-------
      Total |     416 |       7 |   1.7 |      76 |       4 |   5.0
            +---------+---------+-------+---------+---------+-------
        D:1 |      35 |       0 |   0.0 |      17 |       0 |   0.0
        D:2 |      99 |       2 |   2.0 |      25 |       2 |   7.4
        D:3 |     160 |       5 |   3.0 |      27 |       2 |   6.9
        D:4 |     122 |       0 |   0.0 |       7 |       0 |   0.0
            +---------+---------+-------+---------+---------+-------
